 Dungeon Crawl Stone Soup version 0.21-a0-360-g65c131b (webtiles) character file.

258 GordonOverkill the Cudgeler (level 5, -4/46 HPs)
             Began as a Minotaur Hunter on Oct 13, 2017.
             Slain by Grinder (6 damage)
             ... on level 3 of the Dungeon.
             The game lasted 00:05:16 (3299 turns).

GordonOverkill the Cudgeler (Minotaur Hunter)       Turns: 3299, Time: 00:05:17

Health: -4/46      AC:  8    Str: 14 (17) XL:     5   Next: 94%
Magic:  4/4        EV:  6    Int:  7 (8)  God:
Gold:   132        SH:  4    Dex: 10 (11) Spells: 4/4 levels left

rFire    . . .     SeeInvis .   v - +0 flail (curse)
rCold    . . .     Gourm    .   u - +0 buckler
rNeg     . . .     Faith    .   q - +0 chain mail
rPois    .         Spirit   .   (helmet restricted)
rElec    .         Reflect  .   (no cloak)
rCorr    .         Harm     .   (no gloves)
MR       .....                  (no boots)
Stlth    ..........             (no amulet)
HPRegen  0.15/turn              (no ring)
MPRegen  0.09/turn              (no ring)

@: flying
A: retaliatory headbutt, horns 2
a: no special abilities


You were on level 3 of the Dungeon.
You were hungry.

You visited 1 branch of the dungeon, and saw 4 of its levels.

You collected 132 gold pieces.

Inventory:

Hand Weapons
 v - a cursed +0 flail (weapon)
Missiles
 c - 6 javelins (quivered)
 d - 2 throwing nets
Armour
 q - a +0 chain mail (worn)
 u - a +0 buckler (worn)
Scrolls
 b - a scroll of enchant weapon {unknown}
 e - a scroll of blinking {unknown}
 g - a scroll of teleportation {unknown}
 h - 5 scrolls of identify {unknown}
 n - a scroll of magic mapping {unknown}
 p - 2 scrolls of remove curse {unknown}
Potions
 a - a potion of cancellation
 i - 2 potions of degeneration
 o - a potion of haste {unknown}
 s - a potion of mutation {unknown}
 t - a potion of lignification {unknown}
Comestibles
 f - 3 bread rations
 j - 6 fruits
 l - 2 meat rations


   Skills:
 - Level 4.0 Fighting
 + Level 5.5 Maces & Flails
 - Level 4.0 Throwing
 - Level 2.1 Dodging
 - Level 0.7 Stealth
 * Level 2.5 Shields


You had 4 spell levels left.
You didn't know any spells.

Dungeon Overview and Level Annotations

Branches:
Dungeon (4/15)
 Temple: D:4-7

Altars:

Annotations:
D:3 Grinder


Innate Abilities, Weirdness & Mutations

You reflexively headbutt those who attack you in melee.
You have a pair of horns on your head.


Message History

Grinder hits you.
You writhe in agony.
The phantom hits you.
The phantom blinks!
There is a stone staircase leading up, spattered with blood here.
Grinder hits you!
* * * LOW HITPOINT WARNING * * *
You climb upwards.
There is a stone staircase leading down here.
It was a potion of cancellation.
You feel magically purged. Grinder closely misses you.
It was a potion of degeneration.
There was something very wrong with that liquid.
You feel weakened.
You feel dopey.
You feel clumsy. Grinder hits you.
* * * LOW HITPOINT WARNING * * *
You writhe in agony.
* * * LOW HITPOINT WARNING * * *
It was a potion of flight.
You feel very buoyant.
You fly up into the air.
Grinder hits you.
You die...

...............##.##.##.##
.####..#####.####......#.#
.# #..# #.# ####.##.## .#
#..# #.# #.##.# .# #..#
#.# #.##.# .####..#
#.#######.##.#
.......#####.........##.#
....(.........#########.#
###########.#..5@...(...#
#.############# #.# #.#
#.# #.# #.# #.# #.#


You could see Grinder.

Vanquished Creatures
  4 orc wizards
  6 adders
  An ooze (D:3)
  3 worms (D:2)
  5 dart slugs
  A leopard gecko (D:1)
  8 orcs
  A ball python (D:1)
  8 bats
  A giant cockroach (D:1)
  3 goblins
  12 hobgoblins
  3 jackals (D:1)
  7 kobolds
  A quokka (D:3)
  5 frilled lizards
  A quokka skeleton (D:4)
  6 rats
76 creatures vanquished.

Notes
Turn   | Place    | Note
-------+----------+-------------------------------------------
     0 | D:1      | GordonOverkill the Minotaur Hunter began the quest for the Orb.
     0 | D:1      | Reached XP level 1. HP: 18/18 MP: 0/0
   163 | D:1      | Reached XP level 2. HP: 20/26 MP: 1/1
   697 | D:1      | Reached skill level 1 in Maces & Flails
   762 | D:1      | Reached XP level 3. HP: 29/33 MP: 2/2
   875 | D:2      | Reached skill level 2 in Maces & Flails
   879 | D:2      | HP: 1/33 [worm (8)]
  1342 | D:2      | Reached skill level 3 in Maces & Flails
  1342 | D:2      | Reached XP level 4. HP: 31/40 MP: 3/3
  1901 | D:2      | Reached skill level 4 in Maces & Flails
  2412 | D:3      | Reached XP level 5. HP: 37/46 MP: 4/4
  2745 | D:3      | Reached skill level 5 in Maces & Flails
  3079 | D:4      | Noticed Grinder
  3086 | D:4      | Noticed a phantom
  3094 | D:3      | Reached skill level 1 in Shields
  3298 | D:3      | HP: 1/46 [Grinder (6)]
  3299 | D:3      | Slain by Grinder

Vault maps used:
D:1:      dpeg_arrival_chambers_temple_mockup, feat_on_display
D:2:      first_bread, kennysheep_boxes
D:4:      cheibrodos_ashenzari_chains, uniq_grinder, uniq_sigmund

Skill      XL: |  1  2  3  4  5 |
---------------+----------------+-----
Fighting       | 3 4 |  4.0
Maces & Flails | 1 3 4 5 |  5.5
Shields        | 2 |  2.5
Throwing       | |  4.0
Dodging        | |  2.1
Stealth        | |  0.7

Action                   |  1- 3 |  4- 6 || total
-------------------------+-------+-------++-------
Melee: Short sword       |    33 |       ||    33
       Headbutt          |    12 |    19 ||    31
       Mace              |    42 |    77 ||   119
       Flail             |       |    38 ||    38
  Use: Potion            |       |     3 ||     3
  Eat: Chunk             |     1 |     6 ||     7
Armor: Leather armour    |     7 |       ||     7
       Ring mail         |    14 |     5 ||    19
       Chain mail        |       |    76 ||    76
Dodge: Dodged            |    56 |    44 ||   100
Block: Buckler           |       |     4 ||     4

Table legend:
 A = Spawn XP
 B = Non-spawn XP
 C = Spawn XP percentage of total XP
 D = Spawn monster count
 E = Non-spawn monster count
 F = Spawn count percentage of total count
 G = Total turns spent on level
                    A         B        C        D         E        F      G
               +---------+---------+-------+---------+---------+-------+---------
         Total |       0 |     369 |   0.0 |       0 |      76 |   0.0 |  3299
               +---------+---------+-------+---------+---------+-------+---------
           D:1 |       0 |      52 |   0.0 |       0 |      24 |   0.0 |  1108
           D:2 |       0 |     122 |   0.0 |       0 |      24 |   0.0 |  1238
           D:3 |       0 |     108 |   0.0 |       0 |      22 |   0.0 |   911
           D:4 |       0 |      87 |   0.0 |       0 |       6 |   0.0 |    42
               +---------+---------+-------+---------+---------+-------+---------
